 Dungeon Crawl Stone Soup version 0.30.1 (webtiles) character file.

Game seed: 15744847500348634527

3638 Graphine the Covert (level 10, -8/60 HPs)
             Began as a Kobold Brigand on July 3, 2023.
             Was an Initiate of Gozag.
             Mangled by a slime creature (15 damage)
             ... on level 8 of the Dungeon.
             The game lasted 00:14:27 (7464 turns).

Graphine the Covert (Kobold Brigand)                Turns: 7464, Time: 00:14:28

Health: -8/60      AC: 10    Str:  8    XL:     10   Next: 33%
Magic:  10/10      EV: 18    Int: 13    God:    Gozag
Gold:   1010       SH:  0    Dex: 21    Spells: 9/9 levels left

rFire   + + .        a - +8 dagger (flame)
rCold   . . .        (no shield)
rNeg    . . .        p - +0 leather armour "Riwa" {Stlth+}
rPois   +            E - +1 helmet
rElec   +            c - +1 cloak
rCorr   .            (no gloves)
SInv    .            m - +2 pair of boots {Fly}
Will    +....        g - amulet of the Ban {Acrobat rElec rF++ Will+}
Stlth   +++++++      l - ring of poison resistance
HPRegen 0.30/turn    (no ring)
MPRegen 0.12/turn

%: acrobat
@: about to teleport, flying
A: small, no large weapons, nightstalker 3
a: Renounce Religion, Potion Petition, Call Merchant, Bribe Branch


You were on level 8 of the Dungeon.
You worshipped Gozag.
Gozag was most pleased with you.
You visited 2 branches of the dungeon, and saw 9 of its levels.
You also visited: Ossuary.

You collected 1074 gold pieces.
You paid 64 gold pieces to Gozag.

Inventory:

Hand Weapons
 a - a +8 dagger of flaming (weapon)
 y - the +7 mace of Defence by Offence {holy, Str+6}
   (You found it on level 4 of the Dungeon)

   Str:       It affects your strength (+6).
Missiles
 d - 20 poisoned darts
 e - 3 curare-tipped darts
 s - 2 atropa-tipped darts
 x - 2 throwing nets
Armour
 c - a +1 cloak (worn)
 m - a +2 pair of boots of flying (worn)
 p - the +0 leather armour "Riwa" (worn) {Stlth+}
   (You found it on level 2 of the Dungeon)

   Stlth:     It makes you more stealthy.
 E - a +1 helmet (worn)
Jewellery
 g - the amulet of the Ban (around neck) {Acrobat rElec rF++ Will+}
   (You acquired it on level 1 of the Dungeon)

   [amulet of the acrobat]

   It increases your evasion while moving and waiting.
   rF:        It greatly protects you from fire.
   rElec:     It insulates you from electricity.
   Will:      It increases your willpower.
 l - a ring of poison resistance (left hand)
 q - a ring of ice
 r - an amulet of reflection
Wands
 b - a wand of flame (67) (quivered)
Scrolls
 k - a scroll of magic mapping
 n - 4 scrolls of teleportation
 v - a scroll of silence
 w - a scroll of immolation
 B - a scroll of amnesia
 C - 2 scrolls of poison
 F - a scroll of fear {unknown}
 G - 2 scrolls of identify
Potions
 f - 4 potions of attraction
 h - a potion of curing
 i - a potion of might {unknown}
 j - a potion of magic {unknown}
 o - 3 potions of flight
 t - a potion of invisibility {unknown}
 u - a potion of haste {unknown}
 z - a potion of berserk rage {unknown}
 A - 2 potions of mutation
 D - a potion of lignification {unknown}
 H - 2 potions of heal wounds {unknown}
 I - 2 potions of cancellation {unknown}


   Skills:
 + Level 6.2 Fighting
 + Level 7.6 Short Blades
 - Level 2.1 Throwing
 + Level 6.4 Dodging
 * Level 11.9 Stealth
 * Level 9.0 Evocations


You had 9 spell levels left.
You didn't know any spells.
Your spell library contained the following spells:

 Spells                   Type           Power      Damage    Failure   Level
 Freeze                   Ice            0%         1d3       41%         1
 Sandblast                Erth           0%         2d4       41%         1
 Blink                    Tloc           0%         N/A       56%         2
 Ensorcelled Hibernation  Hex/Ice        0%         N/A       56%         2
 Lesser Beckoning         Tloc           0%         N/A       56%         2
 Momentum Strike          Conj/Tloc      0%         3d8       56%         2
 Passwall                 Tmut/Erth      0%         N/A       56%         2
 Frozen Ramparts          Ice            0%         1d1       80%         3
 Hailstorm                Conj/Ice       0%         3d3       80%         3
 Stone Arrow              Conj/Erth      0%         3d7       80%         3
 Swiftness                Air            0%         N/A       80%         3


Dungeon Overview and Level Annotations

Branches:
Dungeon (8/15)             Temple (1/1) D:5         Ossuary (visited)
   Lair: D:8-11

Altars:
Elyvilon
Fedhas
Gozag
Hepliaklqana
Kikubaaqudgha
Nemelex Xobeh
Okawaru
Ru
Trog
Uskayaw
Xom
The Shining One

Shops:
D:6 :   D:7 :

Annotations:
D:8 1 transporter


Innate Abilities, Weirdness & Mutations

You are small and have problems with some larger weapons.
You are completely attuned to the shadows.


Message History

The slime creature closely misses you.
Aiming: Throw Flame
Press: ? - help, Q - select action, (/) - cycle Shift-Dir - straight line, f/p - slime creature
Aim: a slime creature (lightly wounded, 95% to hit)
The puff of flame hits the slime creature.
The slime creature is moderately wounded.
The slime creature hits you!
* * * LOW HITPOINT WARNING * * *
Okay, then.
The slime creature attacks as you move away!
The slime creature completely misses you.
The slime creature attacks as you move away!
The slime creature completely misses you.
Hit: a) +8 dagger (flame)
Press: ? - help, Dir - move target, f/p - slime creature
Aim: a slime creature (lightly wounded, about 11% to evade your +8 dagger of flaming)
You puncture the slime creature! You burn the slime creature.
The slime creature is moderately wounded.
Hit: a) +8 dagger (flame)
Press: ? - help, Dir - move target, f/p - slime creature
Aim: a slime creature (moderately wounded, about 11% to evade your +8 dagger of flaming)
Okay, then.
You feel better. The slime creature hits you.
Hit: a) +8 dagger (flame)
Press: ? - help, Dir - move target, f/p - slime creature
Aim: a slime creature (moderately wounded, about 11% to evade your +8 dagger of flaming)
You hit the slime creature. You burn the slime creature.
The slime creature is heavily wounded.
The slime creature hits you!
* * * LOW HITPOINT WARNING * * *
Hit: a) +8 dagger (flame)
Press: ? - help, Dir - move target, f/p - slime creature
Aim: a slime creature (heavily wounded, about 11% to evade your +8 dagger of flaming)
Okay, then.
Okay, then.
Okay, then.
As you read the scroll of teleportation, it crumbles to dust.
You feel strangely unstable. The slime creature hits you!
You die...
Your body crumbles into a pile of gold.

#.....######'#..#####
#############......#.#8P#.
##.....## #......#.#
#8.....8# #........#
##.....## #.......©#
###.### #........# #.#
#####.##.#
#####∩#############.#
...........J@........#
................###.#....
................# #.#.#..
.!...#.....#..### #$#.###
#.yJ....<....# #.... ##
#...#######. ..
y.[$....... .# ###........
y# #........


You could see a slime creature.

Vanquished Creatures
  Pikel (D:5)
  4 yaks (D:8)
  2 slime creatures (D:8)
  Menkaure (D:4)
  An ice beast (D:6)
  A black bear (D:4)
  2 sky beasts
  An orc warrior (D:7)
  An ogre (D:7)
  2 lemures (D:5)
  A centaur (D:5)
  3 bullfrogs
  3 wights (D:7)
  2 killer bees (D:8)
  A vampire bat (D:3)
  A centaur zombie (Ossuary)
  5 human zombies (Ossuary)
  A gnoll bouda (D:7)
  A sleepcap (D:4)
  Natasha (thrice) (D:4)
  5 iguanas
  9 orc wizards
  2 hound zombies (Ossuary)
  3 mummies (Ossuary)
  8 adders
  9 gnolls
  2 adder zombies (Ossuary)
  2 worms
  2 dart slugs
  3 fire bats (D:3)
  29 orcs
  2 spectral bats (D:3)
  9 ball pythons
  12 bats (D:3)
  3 bat skeletons (D:3)
  A bat zombie (D:3)
  7 endoplasms
  4 giant cockroaches
  A gnoll zombie (Ossuary)
  3 goblins
  3 hobgoblins
  5 quokkas
  A bat simulacrum (D:3)
  3 frilled lizards
  5 goblin zombies (Ossuary)
  2 hobgoblin zombies (Ossuary)
  3 jackal zombies (Ossuary)
  4 kobolds
  7 kobold zombies (Ossuary)
  An orc zombie (Ossuary)
  2 quokka zombies (Ossuary)
  6 rats
  3 rat zombies (Ossuary)
198 creatures vanquished.

Notes
Turn   | Place    | Note
-------+----------+-------------------------------------------
     0 | D:1      | Graphine the Kobold Brigand began the quest for the Orb.
     0 | D:1      | Reached XP level 1. HP: 12/12 MP: 1/1
   238 | D:1      | Reached XP level 2. HP: 18/18 MP: 2/2
   881 | D:1      | Reached XP level 3. HP: 22/22 MP: 3/3
   968 | D:1      | Identified a scroll of acquirement
   968 | D:1      | Acquired the amulet of the Ban {Acrobat rElec rF++ Will+}
  1243 | D:2      | Identified the +0 leather armour "Riwa" {Stlth+}
  1272 | D:2      | Reached skill level 1 in Evocations
  1276 | D:2      | Reached skill level 6 in Stealth
  1449 | D:2      | Reached XP level 4. HP: 27/27 MP: 4/4
  2060 | D:3      | Found a glowing golden altar of the Shining One.
  2145 | D:3      | Reached XP level 5. HP: 31/31 MP: 5/5
  2185 | D:3      | Found a faded altar of an unknown god.
  2333 | D:3      | Reached XP level 6. HP: 37/37 MP: 6/6
  2509 | D:3      | Found a sparkling altar of Nemelex Xobeh.
  2805 | D:4      | Reached skill level 7 in Stealth
  2935 | D:4      | Noticed Natasha
  2943 | D:4      | Killed Natasha
  3247 | D:4      | Reached XP level 7. HP: 41/41 MP: 7/7
  3249 | D:4      | Identified the +7 mace of Defence by Offence {holy, Str+6}
  3293 | D:4      | Noticed Menkaure
  3330 | D:4      | Killed Menkaure
  3563 | D:4      | Reached skill level 8 in Stealth
  3624 | D:4      | Noticed Natasha
  3628 | D:4      | Killed Natasha
  3896 | D:4      | Noticed Natasha
  3901 | D:4      | Killed Natasha
  3978 | D:5      | Entered Level 5 of the Dungeon
  4095 | D:5      | Reached skill level 5 in Short Blades
  4095 | D:5      | Reached XP level 8. HP: 48/48 MP: 8/8
  4119 | D:5      | Reached skill level 5 in Evocations
  4142 | D:5      | Found an iron altar of Okawaru.
  4162 | D:5      | Found a staircase to the Ecumenical Temple.
  4186 | D:5      | Noticed Pikel
  4199 | D:5      | Killed Pikel
  4200 | D:5      | Reached skill level 9 in Stealth
  4329 | D:5      | Found a hide-covered altar of Uskayaw.
  4393 | Temple   | Entered the Ecumenical Temple
  4398 | Temple   | Became a worshipper of Gozag Ym Sagoz the Greedy
  4562 | D:5      | Reached XP level 9. HP: 52/52 MP: 9/9
  4620 | D:5      | Found a hazy altar of Hepliaklqana.
  4621 | D:5      | Found a shimmering altar of Xom.
  4623 | D:5      | Noticed a spectral ugly thing
  5455 | D:6      | Reached skill level 10 in Stealth
  5613 | D:6      | Reached skill level 5 in Fighting
  5613 | D:6      | Reached skill level 5 in Dodging
  5917 | D:6      | Found Zapenib's Book Boutique.
  6230 | D:7      | Found a white marble altar of Elyvilon.
  6373 | D:7      | Found Wuczacau's Vocational Training.
  6929 | D:8      | Reached skill level 11 in Stealth
  6933 | D:8      | Reached XP level 10. HP: 60/60 MP: 10/10
  6983 | D:8      | Found a transporter.
  7005 | D:8      | Found a sand-covered staircase.
  7016 | Ossuary  | Entered an ossuary
  7464 | D:8      | Mangled by a slime creature

Illustrated notes

Levels and vault maps discovered:
D:1:      onia_arrival_handbag, layout_basic
D:2:      layout_basic
D:3:      layout_rooms, tso_oasis_becter, lemuel_doored_altar,
          hellmonk_ecumenical_altar_run_dry, chequers_serial_rivers_marsh,
          chequers_serial_rivers_micro_b, goddamned_bats
D:4:      black_bear_nest_1, layout_loops_ring, minmay_checkerbox, uniq_natasha,
          uniq_menkaure
D:5:      layout_gridville, regret_index_temple_of_mockery,
          lemuel_coloured_pillars_altar, nicolae_overflow_crystal_walls,
          temple_green, uniq_pikel
D:6:      layout_cave_pools, nicolae_take_the_stairs
D:7:      layout_loops_cross, elyvilon_altar_1, nicolae_shop_vocational
D:8:      gammafunk_wand_slinger, layout_basic, chequers_ossuary_entry_cave,
          nrook_uturn
Temple:   nicolae_temple_ecumenical_triangle

Skill      XL: |  1  2  3  4  5  6  7  8  9 10 |
---------------+-------------------------------+-----
Short Blades   | 3 4 5 7 |  7.6
Evocations     | 1 2 3 4 6 8 9 |  9.0
Stealth        | 6 7 8 9 11 | 11.9
Dodging        | 2 3 4 5 6 |  6.4
Fighting       | 3 4 5 6 |  6.2
Throwing       | |  2.1

Action                     |  1- 3 |  4- 6 |  7- 9 | 10-12 || total
---------------------------+-------+-------+-------+-------++-------
  Melee: Dagger            |    47 |   122 |   178 |   113 ||   460
         Punch             |     1 |       |     4 |     1 ||     6
         Mace              |       |       |     7 |       ||     7
  Evoke: Wand              |       |       |     5 |     2 ||     7
    Use: Scroll            |     8 |    11 |     6 |     2 ||    27
         Potion            |       |       |       |     1 ||     1
   Stab: Sleeping          |    18 |    17 |    21 |    15 ||    71
         Distracted        |       |     1 |     2 |     2 ||     5
 Armour: Robe              |     1 |       |       |       ||     1
         Leather armour    |       |    39 |    22 |     7 ||    68
  Dodge: Dodged            |    13 |    88 |    81 |    42 ||   224
